Map: Lightshade LE

Players

Neeb

  • Race: Protoss Protoss
  • Spawn Location: 11:00

Astrea - Winner!

  • Race: Protoss Protoss
  • League: Master
  • Spawn Location: 5:00

Event: DreamHack SC2 Masters 2020 Winter

VOD

Have the link to the VOD?

Description

Time

  • Played on: Oct. 27, 2020, 5:03 p.m.
  • Length: 9:01

All games in this series

Show
View Real Time Build Order
Export as new Build Order

Neeb Protoss 

Build Orders: Oracle Opening 

Get SALT Encoding   

  12  0:00  Probe  
  13  0:12  Probe  
  14  0:17  Pylon  
  14  0:24  Probe (Chrono Boost)  
  15  0:36  Probe (Chrono Boost)  
  15  0:37  Gateway  
  16  0:44  Probe (Chrono Boost)  
  16  0:46  Assimilator  
  17  0:51  Probe  
  17  0:54  Assimilator  
  18  1:03  Probe (Chrono Boost)  
  19  1:08  Gateway  
  19  1:13  Probe (Chrono Boost)  
  19  1:18  Probe (Chrono Boost)  
  20  1:24  Cybernetics Core  
  21  1:30  Probe  
  22  1:35  Pylon  
  22  1:42  Probe  
  23  1:54  Probe  
  23  1:58  Warp Gate (Chrono Boost)  
  23  2:00  Stalker x2  
  27  2:06  Probe  
  28  2:10  Pylon  
  28  2:25  Stargate  
  27  2:45  Nexus  
  27  2:49  Probe  
  28  3:00  Shield Battery  
  29  3:06  Shield Battery  
  29  3:07  Oracle (Chrono Boost)  
  31  3:14  Probe  
  32  3:26  Probe  
  33  3:28  Pylon  
  33  3:37  Twilight Council  
  33  3:38  Probe  
  33  3:39  Stalker  
  36  3:46  Stalker  
  38  3:50  Probe  
  39  3:57  Probe  
  41  4:03  Probe (Chrono Boost)  
  41  4:09  Probe (Chrono Boost)  
  42  4:13  Blink  
  43  4:19  Probe (Chrono Boost)  
  43  4:20  Probe (Chrono Boost)  
  43  4:22  Forge  
  44  4:27  Probe (Chrono Boost)  
  44  4:29  Probe (Chrono Boost)  
  46  4:32  Stalker  
  46  4:33  Probe (Chrono Boost)  
  46  4:36  Probe (Chrono Boost), Sentry  
  52  4:41  Probe  
  53  4:47  Pylon, Probe  
  54  4:53  Protoss Ground Weapons Level 1 (Chrono Boost)  
  54  4:55  Probe  
  54  4:59  Assimilator  
  56  5:00  Probe  
  57  5:07  Probe  
  57  5:12  Gateway  
  57  5:13  Probe  
  58  5:14  Gateway  
  58  5:15  Sentry  
  60  5:23  Nexus  
  60  5:26  Probe  
  60  5:28  Probe  
  62  5:31  Stalker  
  62  5:35  Pylon  
  64  5:38  Probe  
  64  5:40  Probe  
  66  5:44  Robotics Facility  
  66  5:46  Stalker  
  68  5:53  Probe x2  
  68  5:55  Pylon  
  70  6:00  Shield Battery  
  70  6:02  Stalker  
  72  6:05  Probe  
  72  6:09  Stalker  
  72  6:10  Stalker  
  77  6:13  Probe  
  77  6:17  Probe  
  79  6:18  Stalker  
  79  6:24  Probe  
  82  6:27  Probe  
  82  6:28  Stalker  
  82  6:32  Probe x2  
  86  6:33  Observer  
  86  6:35  Probe  
  89  6:40  Probe x2  
  89  6:42  Assimilator  
  89  6:43  Probe  
  89  6:46  Assimilator  
  91  6:51  Assimilator, Probe x2  
  94  6:54  Pylon  
  94  6:55  Probe  
  95  7:02  Robotics Bay  
  95  7:03  Probe x2  
  97  7:08  Pylon, Robotics Facility  
  97  7:10  Probe  
  98  7:16  Probe x2  
  98  7:20  Stalker  
  102  7:22  Gateway  
  102  7:24  Photon Cannon, Gateway  
  102  7:25  Pylon  
  102  7:26  Observer  
  103  7:38  Stalker x3  
  103  7:41  Photon Cannon  
  103  7:43  Pylon  
  109  7:44  Pylon  
  109  7:53  Shield Battery  
  109  7:54  Stalker  
  109  7:56  Shield Battery  
  114  8:06  Stalker  
  114  8:07  Stalker x2  
  118  8:20  Stalker x3  
  110  8:34  Stalker x3  
  108  8:45  Stalker x3  
  114  8:49  Gateway  
  114  8:50  Gateway  
Show
View Real Time Build Order
Export as new Build Order

Astrea Protoss - Winner!

Build Orders:  

Get SALT Encoding   

  12  0:00  Probe  
  13  0:12  Probe  
  14  0:17  Pylon  
  14  0:24  Probe (Chrono Boost)  
  16  0:36  Gateway, Probe (Chrono Boost)  
  16  0:43  Probe (Chrono Boost)  
  16  0:45  Assimilator  
  17  0:51  Probe  
  17  0:54  Assimilator  
  18  1:03  Probe (Chrono Boost)  
  19  1:07  Gateway  
  19  1:12  Probe (Chrono Boost)  
  19  1:17  Probe (Chrono Boost)  
  20  1:23  Cybernetics Core  
  21  1:29  Probe  
  22  1:33  Pylon  
  22  1:41  Probe  
  23  1:53  Probe  
  24  1:59  Warp Gate, Adept x2  
  28  2:05  Probe  
  29  2:11  Pylon  
  29  2:17  Probe  
  30  2:29  Sentry x2  
  34  2:33  Probe  
  34  2:44  Nexus  
  34  2:51  Shield Battery  
  34  2:56  Sentry  
  36  3:00  Sentry  
  36  3:03  Pylon  
  38  3:08  Probe  
  39  3:21  Probe (Chrono Boost)  
  40  3:27  Twilight Council  
  40  3:33  Probe (Chrono Boost)  
  42  3:41  Probe (Chrono Boost)  
  42  3:47  Probe  
  42  3:48  Stalker x2  
  46  3:55  Pylon  
  47  4:00  Probe x2 (Chrono Boost)  
  48  4:04  Blink (Chrono Boost)  
  47  4:12  Probe (Chrono Boost)  
  47  4:15  Stalker  
  47  4:16  Probe (Chrono Boost)  
  51  4:21  Probe (Chrono Boost)  
  53  4:24  Probe (Chrono Boost)  
  53  4:29  Stalker  
  53  4:30  Probe (Chrono Boost)  
  56  4:32  Probe (Chrono Boost)  
  58  4:38  Probe  
  58  4:42  Stalker  
  58  4:45  Probe  
  61  4:48  Pylon  
  61  4:50  Probe  
  60  4:57  Probe  
  61  5:02  Probe  
  61  5:05  Nexus  
  62  5:10  Probe  
  62  5:12  Forge  
  63  5:15  Probe  
  63  5:16  Assimilator  
  64  5:22  Probe  
  64  5:27  Probe  
  64  5:28  Gateway, Pylon  
  66  5:34  Probe  
  67  5:38  Shield Battery  
  67  5:40  Protoss Ground Weapons Level 1 (Chrono Boost), Probe  
  67  5:41  Robotics Facility  
  68  5:47  Probe  
  69  5:51  Stalker  
  69  5:52  Probe  
  69  5:53  Stalker  
  74  5:59  Probe  
  74  6:00  Charge  
  74  6:03  Pylon  
  75  6:06  Probe  
  75  6:11  Probe  
  77  6:15  Gateway  
  77  6:18  Probe  
  78  6:19  Probe  
  78  6:23  Probe  
  80  6:28  Observer  
  80  6:30  Probe  
  80  6:31  Probe  
  83  6:33  Gateway  
  83  6:35  Gateway  
  83  6:37  Gateway  
  83  6:39  Probe  
  84  6:41  Gateway  
  84  6:42  Probe  
  84  6:44  Stalker  
  84  6:45  Stalker, Observer  
  89  6:49  Stalker  
  89  6:51  Observer (Chrono Boost)  
  92  6:55  Pylon  
  92  7:04  Warp Prism (Chrono Boost)  
  94  7:09  Pylon  
  94  7:12  Stalker x3  
  94  7:14  Stalker  
  102  7:28  Pylon  
  102  7:29  Pylon x2  
  102  7:30  Stalker x2  
  106  7:37  Stalker x2  
  106  7:38  Zealot  
  112  7:46  Pylon  
  112  7:48  Stalker x2  
  112  7:49  Zealot  
  118  7:52  Pylon  
  118  8:01  Zealot x5  
  124  8:12  Zealot x3  
  125  8:22  Stalker x5  
  125  8:35  Zealot x3  
  125  8:37  Nexus  
  129  8:45  Stalker  
  129  8:46  Stalker x2  
  133  8:50  Zealot x2  
Tags
 
Add a new tag
Caveats
  • Supply blocks, unpowered buildings, or Contaminate may cause inaccurate times.
  • Supply counts are checked every 10 seconds.